 Dungeon Crawl Stone Soup version 0.30-a0-1066-g63dfefce0d (webtiles) character file.

Game seed: 16855305078949820757

380 bande the Covered (level 6, -6/38 HPs)
             Began as a Gargoyle Fighter on Apr 12, 2023.
             Mangled by Edmund
             ... wielding a +2 heavy flail
              (9 damage)
             ... on level 4 of the Dungeon.
             The game lasted 00:05:04 (2906 turns).

bande the Covered (Gargoyle Fighter)                Turns: 2906, Time: 00:05:04

Health: -6/38      AC: 14    Str: 23    XL:     6   Next: 75%
Magic:  6/6        EV:  8    Int:  9    God:
Gold:   252        SH: 10    Dex: 11    Spells: 5/5 levels left

rFire   . . .      SeeInvis +    a - +0 war axe (chaos)
rCold   . . .      Faith    .    c - +1 buckler
rNeg    + . .      Spirit   .    i - +0 chain mail
rPois   ∞          Reflect  +    (no helmet)
rElec   +          Rampage  .    (no cloak)
rCorr   .                        (no gloves)
Will    .....                    (no boots) Stlth
                                 n - amulet "Ampewnuena" {Reflect rElec Str+4 SH+5 SInv}
HPRegen 0.26/turn                (no ring)
MPRegen 0.10/turn                (no ring)

@: no status effects
A: sickness immunity, AC +4, negative energy resistance 1, electricity
resistance, torment resistance 1, petrification resistance
a: no special abilities


You were on level 4 of the Dungeon.
You visited 1 branch of the dungeon, and saw 4 of its levels.

You collected 252 gold pieces.

Inventory:

Hand Weapons
 a - a +0 war axe of chaos (weapon)
Armour
 c - a +1 buckler (worn)
 i - a +0 chain mail (worn)
Jewellery
 k - a +6 ring of intelligence
 n - the amulet "Ampewnuena" (around neck) {Reflect rElec Str+4 SH+5 SInv}
   (You found it on level 2 of the Dungeon)

   [amulet of reflection]

   It reflects blocked missile attacks.
   Str:       It affects your strength (+4).
   rElec:     It insulates you from electricity.
   SInv:      It lets you see invisible.
   SH:        It affects your SH (+5).
Wands
 j - a wand of flame (43)
Scrolls
 b - 3 scrolls of identify
 f - 2 scrolls of enchant armour
 g - a scroll of teleportation
 m - a scroll of silence {unknown}
Potions
 d - a potion of might
 e - 3 potions of curing
 h - a potion of lignification {unknown}
 l - a potion of heal wounds


   Skills:
 + Level 4.2 Fighting
 + Level 4.5 Axes
 + Level 4.7 Armour
 + Level 4.3 Shields
 * Level 0.2 Evocations


You had 5 spell levels left.
You didn't know any spells.
Your spell library contained the following spells:

 Spells                   Type           Power      Damage    Failure   Level
 Ignite Poison            Fire/Tmut/Pois 0%         N/A       100%        3
 Sticky Flame             Conj/Fire      0%         2d3       100%        4
 Ignition                 Fire           0%         3d3       100%        8


Dungeon Overview and Level Annotations

Branches:
Dungeon (4/15)
 Temple: D:4-7

Altars:

Annotations:
D:4 Edmund


Innate Abilities, Weirdness & Mutations

You are immune to sickness and miasma.
Your stone body is resilient. (AC +4)
You are immune to poison.
You resist negative energy. (rN+)
You are resistant to electric shocks. (rElec)
You are resistant to unholy torment.
You are immune to petrification.


Message History

No target in view!
No target in view!
f - 2 scrolls of enchant armour (gained 1) Edmund the Younger comes into view.
He is wielding a +2 heavy flail.
Edmund shouts!
Found a stone staircase leading up.
Edmund hits you with a +2 heavy flail!
You barely miss Edmund. You block Edmund's attack.
You closely miss Edmund. Edmund hits you with a +2 heavy flail!
You are too injured to fight recklessly!
You are too injured to fight recklessly!
You are too injured to fight recklessly!
You are too injured to fight recklessly!
You are too injured to fight recklessly!
You are too injured to fight recklessly!
You are too injured to fight recklessly!
You are too injured to fight recklessly!
You are too injured to fight recklessly!
You are too injured to fight recklessly!
You are too injured to fight recklessly!
You hit Edmund but do no damage. Lightning courses through Edmund!!
Edmund is heavily wounded.
You closely miss Edmund.
Edmund is heavily wounded.
You block Edmund's attack.
You closely miss Edmund.
Edmund is heavily wounded.
You block Edmund's attack.
You hit Edmund but do no damage.
Edmund is heavily wounded.
Edmund hits you with a +2 heavy flail!
* * * LOW HITPOINT WARNING * * *
You slash Edmund!
Edmund seems to speed up.
Edmund is severely wounded.
You block Edmund's attack.
You barely miss Edmund.
Edmund is severely wounded.
Edmund hits you with a +2 heavy flail.
* * * LOW HITPOINT WARNING * * *
Edmund hits you with a +2 heavy flail!
You die...

............<###
.......).......#
......)........#
...............#
...............#
...............#
...............#
.............#.#
........$..@## .
#####.#...$@...<.#
...#...........
................
........#####.##.
......... ...
...... ... ....#.
..


You could see Edmund (fast).

Vanquished Creatures
  A scorpion (D:3)
  The ghost of Newt the Trooper, a weakling DsGl (D:3)
  Ijyb (D:3)
  Natasha (thrice) (D:3)
  2 orc wizards (D:3)
  4 gnolls (D:3)
  2 adders
  3 dart slugs
  A worm (D:3)
  3 orcs
  4 endoplasms
  5 giant cockroaches
  6 goblins
  10 hobgoblins
  3 jackals (D:2)
  4 quokkas
  2 ball pythons (D:1)
  2 bats (D:1)
  4 frilled lizards
  4 kobolds
  5 rats
70 creatures vanquished.

Notes
Turn   | Place    | Note
-------+----------+-------------------------------------------
     0 | D:1      | bande the Gargoyle Fighter began the quest for the Orb.
     0 | D:1      | Reached XP level 1. HP: 14/14 MP: 1/1
   144 | D:1      | Reached XP level 2. HP: 16/19 MP: 2/2
   935 | D:2      | Reached XP level 3. HP: 20/23 MP: 3/3
  1446 | D:2      | Found a faded altar of an unknown god.
  1507 | D:2      | Identified the amulet "Ampewnuena" {Reflect rElec Str+4
                  | SH+5 SInv}
  1543 | D:2      | Reached XP level 4. HP: 28/28 MP: 4/4
  1854 | D:2      | Identified the +2 robe of Optimism {+Inv Stlth+}
  1949 | D:3      | Noticed a scorpion
  1954 | D:3      | Killed a scorpion
  1955 | D:3      | Reached XP level 5. HP: 33/33 MP: 5/5
  2149 | D:3      | Reached XP level 6. HP: 32/38 MP: 6/6
  2207 | D:3      | Noticed Natasha
  2216 | D:3      | Killed Natasha
  2252 | D:3      | Noticed Ijyb
  2258 | D:3      | Killed Ijyb
  2498 | D:3      | Found a large runed translucent door.
  2499 | D:3      | Found a large runed translucent door.
  2500 | D:3      | Noticed Natasha
  2505 | D:3      | Killed Natasha
  2519 | D:3      | Noticed Newt's ghost (weakling DsGl)
  2677 | D:3      | Noticed Natasha
  2680 | D:3      | Killed Natasha
  2810 | D:3      | Killed Newt's ghost
  2895 | D:4      | Noticed Edmund
  2906 | D:4      | Mangled by Edmund

Illustrated notes

Levels and vault maps discovered:
D:1:      psy_arrival_basics, layout_basic, amcnicky_mini_corridor_feature,
          hangedman_feature_mirror
D:2:      layout_basic, shapermc_ecumenical_altar_notcrosses
D:3:      layout_loops_ring, ebering_ghost_disaster_area, minmay_misc_feat_iff,
          uniq_ijyb, uniq_natasha
D:4:      layout_rooms, mainiacjoe_overflow_alcove_2,
          minmay_temple_entry_from_below_a, uniq_edmund

Skill      XL: |  1  2  3  4  5 |
---------------+----------------+-----
Axes           | 2 3 4 |  4.5
Armour         | 4 |  4.7
Fighting       | 4 |  4.2
Shields        | 4 |  4.3
Evocations     | |  0.2

Action                     |  1- 3 |  4- 6 || total
---------------------------+-------+-------++-------
  Melee: War axe           |   106 |    92 ||   198
    Use: Scroll            |       |     9 ||     9
 Armour: Scale mail        |    14 |       ||    14
         Chain mail        |    67 |    31 ||    98
  Dodge: Dodged            |    36 |    27 ||    63
  Block: Buckler           |    25 |    37 ||    62
         Reflection        |       |     1 ||     1

Table legend: (Time is in decaauts)
 A = Elapsed time spent in this place.
 B = Non-inter-level travel time spent in this place.
 C = Inter-level travel time spent in this place.
 D = Time resting spent in this place.
 E = Time spent auto-exploring this place.
 F = Levels seen in this place.
 G = Mean time per level.
                   A        B        C        D        E       F      G
               +--------+--------+--------+--------+--------+-----+--------+
         Total |   2984 |   2922 |     62 |      0 |   2333 |   4 |  746.0 |
       Dungeon |   2984 |   2922 |     62 |      0 |   2333 |   4 |  746.0 |
               +--------+--------+--------+--------+--------+-----+--------+

Top non-repeatable levels by time:
     D:3: 1039 daAuts
     D:2: 966 daAuts
     D:1: 956 daAuts
     D:4: 21 daAuts
